 Dungeon Crawl Stone Soup version 0.17-a0-1181-gabc46e6 (webtiles) character file.

30 HEYYEYAAE the Digger (level 3, -1/25 HPs)
             Began as a Human Earth Elementalist on May 31, 2015.
             Slain by Terence
             ... wielding a +4 mace of crushing
              (7 damage)
             ... on level 2 of the Dungeon.
             The game lasted 00:01:21 (1055 turns).

HEYYEYAAE the Digger (Human Earth Elementalist)     Turns: 1055, Time: 00:01:22

Health: -1/25      AC:  2    Str:  8    XL:     3   Next: 35%
Magic:  8/15       EV: 12    Int: 16    God:
Gold:   48         SH:  0    Dex: 13    Spells: 1 memorised, 5 levels left

rFire  . . .     SeeInvis .     l - +0 dagger
rCold  . . .     Clarity  .     b - +0 robe
rNeg   . . .     SustAt   .     (no shield)
rPois  .         Gourm    .     (no helmet)
rElec  .         Spirit   .     (no cloak)
rCorr  .         Warding  .     (no gloves)
rMut   .         Stasis   .     (no boots)
MR     .....                    (no amulet)
Stlth  ++........               (no ring)
                                h - ring of magical power

@: very slightly contaminated, not resistant to hostile enchantments, unstealthy
A: no striking features
a: no special abilities


You were on level 2 of the Dungeon.
You were not hungry.

You visited 1 branch of the dungeon, and saw 2 of its levels.

You collected 48 gold pieces.

Inventory:

Hand weapons
 f - a +0 club
 l - a +0 dagger (weapon)
Missiles
 a - 86 stones (quivered)
Armour
 b - a +0 robe (worn)
Jewellery
 h - a ring of magical power (left hand)
 k - an uncursed amulet of faith
Scrolls
 e - 2 scrolls of fear {unknown}
 g - a scroll of enchant weapon {unknown}
 i - a scroll of identify {unknown}
Potions
 j - a potion of brilliance {unknown}
 m - a potion of lignification {unknown}
Books
 c - a book of Geomancy

   Spells                             Type                      Level
   a - Sandblast                      Earth                        1
   b - Stoneskin                      Transmutation/Earth          2
   c - Passwall                       Transmutation/Earth          3
   d - Stone Arrow                    Conjuration/Earth            3
   e - Petrify                        Transmutation/Earth          4
   f - Lee's Rapid Deconstruction     Earth                        5
Comestibles
 d - a bread ration
 n - a chunk of flesh


   Skills:
 + Level 0.8 Fighting
 + Level 2.2 Dodging
 - Level 2.0 Stealth
 * Level 2.4 Spellcasting
   Level 1.0 Transmutations
 * Level 3.5 Earth Magic


You had 5 spell levels left.
You knew the following spells:

 Your Spells              Type           Power        Failure   Level  Hunger
a - Sandblast             Erth           ##....       6%          1    #......


Dungeon Overview and Level Annotations

Branches:
Dungeon (2/15)

Altars:

Annotations:
D:2 Terence


Message History

The blast of sand hits Terence.
Terence hits you with a mace of crushing!
* * * LOW HITPOINT WARNING * * *
x2
Casting: Sandblast
Confirm with . or Enter, or press ? or * to list all spells.
Aiming: Sandblast
Press: ? - help, Shift-Dir - straight line, f/p - Terence
Aim: Terence, wielding a mace of crushing and wearing a chain mail The blast of sand hits Terence.
Terence closely misses you.
Casting: Sandblast
Confirm with . or Enter, or press ? or * to list all spells.
Aiming: Sandblast
Press: ? - help, Shift-Dir - straight line, f/p - Terence
Aim: Terence, wielding a mace of crushing and wearing a chain mail You miscast Sandblast.
You are very lightly contaminated with residual magic.
Your feet feel warm.
Terence shouts, "ATTACK!!!"
Terence hits you with a mace of crushing!
You die...

....#........####
.###.#.........#... ..
...................
....###.#.........#...
..................####
...###.........### #
###.........######
#.................
#@....#...........
#.@................
.........#..........
...#(..#...#########..
............... ...
........#####... .#..
......... ... ..#..
......... .. .#


You could see Terence.

Vanquished Creatures
  A worm (D:2)
  A giant gecko (D:1)
  A ball python (D:1)
  2 goblins (D:1)
  6 hobgoblins
  2 kobolds
  4 bats (D:1)
  A giant newt (D:1)
  6 rats
24 creatures vanquished.

Notes
Turn   | Place    | Note
--------------------------------------------------------------
     0 | D:1      | HEYYEYAAE the Human Earth Elementalist began the quest for the Orb.
     0 | D:1      | Reached XP level 1. HP: 13/13 MP: 3/3
   183 | D:1      | Reached XP level 2. HP: 5/20 MP: 1/5
   478 | D:1      | HP: 1/20 [goblin/dagger (5)]
   785 | D:1      | Reached XP level 3. HP: 20/25 MP: 6/6
  1042 | D:2      | Noticed Terence
  1055 | D:2      | Slain by Terence

Vault maps used:
D:1:      minmay_arrival_jagged
D:2:      minmay_misc_feat_chi, uniq_terence

Action                   || total
-------------------------++-------
Melee: Club              ||    37
       Unarmed           ||     6
       Dagger            ||    47
Throw: Stone             ||     1
 Cast: Sandblast         ||    22
 Stab: Sleeping          ||     4
  Eat: Chunk             ||     1
